AoeStats
← Irving Legend

Arabia

503630053Analyzed
2v2 RM · 1mo ago on Sep 1, 2026· 45m 58s· 4 players
Game mode
Random Map
Map size
Medium (4 player)
Population
200
Speed
Normal
Resources
Standard
Victory
Conquest
Starting age
Dark Age
Ending age
Imperial Age
RankedLock teamsTeams togetherTeam positionsShared explorationLock speedFull tech treeHidden civsTurbo modeCheats
Victory
Defeat
🇨🇴 Wei · Colombia
1129
+14
🇨🇦 Romans · Canada
1109
+14
🇫🇷 Franks · France
1092
-15
🇨🇴 Spanish · Colombia
1060
-13
Val
6:17 Loom
9:46 Feudal Age
10:33 Double-Bit Axe
10:40 Man-at-Arms
21:40 Castle Age
20:34 Forging
20:39 Gold Mining
22:31 Husbandry
26:09 Gold Shaft Mining
27:43 Iron Casting
29:54 Scale Barding Armor
36:07 Town Watch
36:58 Wheelbarrow
40:44 Imperial Age
40:12 Stone Mining
40:37 Squires
42:37 Fletching
43:43 Bodkin Arrow
juansrv
3:28 Loom
11:06 Feudal Age
13:23 Double-Bit Axe
15:38 Wheelbarrow
16:46 Horse Collar
22:17 Castle Age
21:30 Scale Mail Armor
22:25 Pikeman
24:28 Heavy Plow
25:40 Gold Mining
27:04 Hand Cart
27:01 Stone Mining
27:27 Bow Saw
32:24 Chain Mail Armor
32:07 Fletching
34:27 Forging
34:13 Bodkin Arrow
36:36 Iron Casting
39:56 Imperial Age
38:24 Murder Holes
38:44 Gambesons
38:59 Squires
39:52 Ballistics
40:09 Padded Archer Armor
42:10 Chemistry
41:21 Bracer
41:37 Leather Archer Armor
41:30 Scale Barding Armor
42:26 Blast Furnace
42:29 Conscription
42:02 Elite Skirmisher
43:31 Plate Mail Armor
43:31 Ring Archer Armor
44:40 Two-Man Saw
43:03 Halberdier
44:12 Thumb Ring
Thousk_
6:49 Loom
9:14 Feudal Age
9:50 Double-Bit Axe
17:46 Horse Collar
20:22 Castle Age
18:25 Gold Mining
19:28 Bloodlines
20:21 Scale Barding Armor
20:28 Forging
21:35 Bow Saw
30:47 Chain Barding Armor
31:02 Husbandry
33:42 Fletching
33:52 Padded Archer Armor
34:01 Stone Mining
34:48 Wheelbarrow
35:14 Bodkin Arrow
35:34 Leather Archer Armor
39:57 Imperial Age
38:35 Ballistics
41:48 Bracer
42:18 Ring Archer Armor
42:18 Parthian Tactics
44:43 Chemistry
45:11 Heavy Hei Guang Cavalry
46:40 Iron Casting
Irving Legend
6:23 Loom
9:41 Feudal Age
9:44 Man-at-Arms
10:11 Double-Bit Axe
15:52 Wheelbarrow
16:32 Horse Collar
16:40 Horse Collar
19:26 Castle Age
19:23 Gold Mining
19:43 Scale Barding Armor
20:06 Bloodlines
20:45 Forging
21:00 Bow Saw
22:31 Husbandry
26:10 Pikeman
27:20 Squires
30:54 Chain Barding Armor
30:35 Scale Mail Armor
32:05 Devotion
39:41 Imperial Age
39:45 Stone Mining
39:50 Halberdier
41:45 Plate Barding Armor
41:26 Chain Mail Armor
41:48 Heavy Plow
42:18 Conscription
43:09 Iron Casting
42:53 Cavalier
45:50 Blast Furnace
45:32 Masonry
45:28 Siege Engineers
Connection lost

Rejoining the realm…

Still unreachable

The connection could not be restored.

Session expired

The server has moved on; the page needs a fresh start.